 Dungeon Crawl Stone Soup version 0.29.1-2-gbd0b4ee654 (webtiles) character file.

Game seed: 7135570405446649625

2051 safid the Skirmisher (level 9, -6/81 HPs)
             Began as a Minotaur Hunter on Nov 3, 2022.
             Killed by divine providence
             ... invoked by an orc priest
              (12 damage)
             ... on level 7 of the Dungeon.
             The game lasted 00:10:42 (5456 turns).

safid the Skirmisher (Minotaur Hunter)              Turns: 5456, Time: 00:10:44

Health: -6/81      AC:  6    Str: 17    XL:     9   Next: 4%
Magic:  8/8        EV: 12    Int:  6    God:
Gold:   1419       SH:  0    Dex: 17    Spells: 8/8 levels left

rFire   . . .      SeeInvis .   x - +1 shortbow (freeze)
rCold   + . .      Faith    .   (shield currently unavailable)
rNeg    . . .      Spirit   .   c - +0 leather armour
rPois   .          Reflect  .   (helmet restricted)
rElec   .          Harm     .   (no cloak)
rCorr   .          Rampage  .   o - +2 pair of gloves
Will    .....                   (no boots)
Stlth   ++........              (no amulet)
HPRegen 0.23/turn               i - +4 ring of slaying
MPRegen 0.11/turn               B - ring of protection from cold

@: about to teleport
A: horns 2, retaliatory headbutt
a: no special abilities


You were on level 7 of the Dungeon.
You visited 2 branches of the dungeon, and saw 8 of its levels.
You also visited: Sewer.

You collected 1599 gold pieces.
You spent 180 gold pieces at shops.

Inventory:

Hand Weapons
 x - a +1 shortbow of freezing (weapon)
Armour
 c - a +0 leather armour (worn)
 o - a +2 pair of gloves (worn)
Jewellery
 a - a ring of fire
 i - a +4 ring of slaying (left hand)
 B - a ring of protection from cold (right hand)
Wands
 l - a wand of polymorph (10)
 s - a wand of flame (29)
 t - a wand of roots (20)
 y - a wand of paralysis (10)
Scrolls
 g - a scroll of amnesia
 h - 4 scrolls of enchant armour
 r - a scroll of fog {unknown}
Potions
 b - a potion of might {unknown}
 d - 2 potions of mutation
 e - 2 potions of invisibility
 f - a potion of lignification {unknown}
 j - 3 potions of flight
 k - 2 potions of curing
 m - 4 potions of resistance
 n - 2 potions of berserk rage
 p - a potion of haste
 q - 3 potions of degeneration {unknown}
 u - 2 potions of heal wounds {unknown}
 v - a potion of brilliance {unknown}
 z - 2 potions of attraction {unknown}


   Skills:
 - Level 8.0 Fighting
 + Level 11.8 Ranged Weapons
 - Level 2.1 Dodging
 - Level 0.7 Stealth


You had 8 spell levels left.
You didn't know any spells.
Your spell library was empty.

Dungeon Overview and Level Annotations

Branches:
Dungeon (7/15)             Temple (1/1) D:6           Sewer (visited)

Altars:
Ashenzari
Cheibriados
Dithmenos
Elyvilon
Fedhas
Hepliaklqana
Kikubaaqudgha
Nemelex Xobeh
Qazlal
Sif Muna
Uskayaw
Vehumet
Wu Jian
Xom
Yredelemnul
Zin
The Shining One

Shops:
D:6 (

Annotations:
D:5 1 runed translucent door, safid's ghost, amateur MiHu


Innate Abilities, Weirdness & Mutations

You have a pair of horns on your head.
You reflexively headbutt those who attack you in melee.


Message History

The bullfrog seems to slow down.
The arrow freezes the bullfrog.
The bullfrog is severely wounded.
The orc priest mumbles some strange prayers to Beogh against you.
Beogh smites you! The bullfrog barely misses you.
You shoot an arrow. The arrow hits the orc priest!
The arrow freezes the orc priest.
You kill the orc priest!
You shoot an arrow. The arrow barely misses the bullfrog.
The bullfrog hits you. The orc warrior barely misses you.
The orc wizard barely misses you.
You are too injured to fight recklessly!
You are too injured to fight recklessly!
Unknown command.
The bullfrog attacks as you move away! The bullfrog hits you.
The orc priest mumbles some strange prayers to Beogh against you.
Beogh smites you!
* * * LOW HITPOINT WARNING * * *
The bullfrog attacks as you move away! The bullfrog barely misses you.
The orc warrior attacks as you move away!
The orc warrior hits you but does no damage.
The orc wizard gestures wildly while chanting.
The orc wizard flickers and vanishes!
Deactivating autopickup; reactivate with Ctrl-A.
The bullfrog attacks as you move away! The bullfrog closely misses you.
The bullfrog is no longer moving slowly.
As you read the scroll of teleportation, it crumbles to dust.
You feel strangely unstable. The bullfrog hits you!
* * * LOW HITPOINT WARNING * * *
The bullfrog closely misses you. The bullfrog attacks as you move away!
The bullfrog hits you.
* * * LOW HITPOINT WARNING * * *
The orc priest looks braver for a moment.
The bullfrog attacks as you move away! The bullfrog hits you.
* * * LOW HITPOINT WARNING * * *
The bullfrog releases a deep croak.
The bullfrog hits you.
* * * LOW HITPOINT WARNING * * *
The orc priest mumbles some strange prayers to Beogh against you.
Beogh smites you!
You die...

##.##.###
#..$.........
#.......#
#..........!.
#..##.#.##
#............
###<^##.#..#
#.......?....
##..###.##.###
#....†...... ##..#
#.##...# #..........
##..# #.####.#
#####o.o....#. ##..#
#.# #.###.Fo..###)o.#
)..## #.# #....@#####
#... #..# #.# ##.[###
). .).# #.# #..# .
##.# #.## ##..#######
##.####..###..........
†)...........#.######
##.#####...###.#
#..#####..## #.##
.....#....# #Y.#


You could see an orc warrior, a bullfrog, an orc priest and an orc wizard.

Vanquished Creatures
  Eustachio (D:4)
  A steam dragon (D:7)
  2 water moccasins
  An ice beast (D:7)
  2 centaurs
  An ogre (D:5)
  3 phantoms
  A bullfrog (D:7)
  3 scorpions
  2 jellies (D:5)
  2 hounds (D:5)
  A gnoll bouda (D:6)
  6 orc priests
  2 iguanas (D:5)
  3 orc wizards
  A hell rat (Sewer)
  Natasha (twice) (D:4)
  Robin (D:4)
  7 gnolls
  2 river rats (Sewer)
  6 adders
  2 ufetubi
  A worm (D:3)
  A dart slug (D:3)
  15 orcs
  5 endoplasms
  A giant cockroach (D:2)
  16 goblins
  7 hobgoblins
  3 quokkas
  8 ball pythons
  4 bats
  6 frilled lizards
  6 kobolds
  11 rats
136 creatures vanquished.

Notes
Turn   | Place    | Note
-------+----------+-------------------------------------------
     0 | D:1      | safid the Minotaur Hunter began the quest for the Orb.
     0 | D:1      | Reached XP level 1. HP: 18/18 MP: 0/0
    94 | D:1      | Found a faded altar of an unknown god.
   273 | D:1      | Reached XP level 2. HP: 25/25 MP: 1/1
   780 | D:2      | Reached XP level 3. HP: 31/31 MP: 2/2
   864 | D:2      | Reached skill level 5 in Ranged Weapons
  1242 | D:3      | Reached XP level 4. HP: 40/40 MP: 3/3
  1733 | D:3      | Noticed a phantom
  1741 | D:3      | Killed a phantom
  1742 | D:3      | Reached skill level 5 in Fighting
  1742 | D:3      | Reached skill level 6 in Ranged Weapons
  1742 | D:3      | Reached XP level 5. HP: 43/48 MP: 4/4
  2006 | D:4      | Noticed Eustachio
  2023 | D:4      | Killed Eustachio
  2024 | D:4      | Reached XP level 6. HP: 37/58 MP: 5/5
  2257 | D:4      | Noticed Robin
  2262 | D:4      | Killed Robin
  2333 | D:4      | Noticed Natasha
  2346 | D:4      | Killed Natasha
  2396 | D:4      | Noticed Natasha
  2399 | D:4      | Killed Natasha
  2459 | D:4      | Found a glowing drain.
  2464 | Sewer    | Entered a sewer
  2794 | D:5      | Entered Level 5 of the Dungeon
  2804 | D:5      | Reached XP level 7. HP: 52/68 MP: 6/6
  3091 | D:5      | Found a runed translucent door.
  3091 | D:5      | Noticed safid's ghost (amateur MiHu)
  3216 | D:5      | Reached skill level 7 in Ranged Weapons
  3396 | D:5      | Reached skill level 8 in Ranged Weapons
  3637 | D:5      | Reached XP level 8. HP: 74/74 MP: 7/7
  3661 | D:5      | Identified the +5 falchion of Descent {holy, rElec rF+
                  | Will- Str+4}
  3943 | D:5      | Identified a scroll of acquirement
  3944 | D:5      | Acquired 1204 gold pieces
  4100 | D:6      | Found Duepn's Antique Weapon Emporium.
  4108 | D:6      | Bought a glowing shortbow for 180 gold pieces
  4134 | D:6      | Reached skill level 9 in Ranged Weapons
  4349 | D:6      | Found a staircase to the Ecumenical Temple.
  4355 | Temple   | Entered the Ecumenical Temple
  4819 | D:6      | Reached skill level 10 in Ranged Weapons
  5101 | D:7      | Reached skill level 11 in Ranged Weapons
  5441 | D:7      | Reached XP level 9. HP: 81/81 MP: 8/8
  5456 | D:7      | Killed from afar by an orc priest

Illustrated notes

Levels and vault maps discovered:
D:1:      enne_arrival_octagon_isle, layout_basic,
          chequers_ecumenical_altar_simple
D:2:      layout_loops_ring, nrook_mini_backslash, mrwooster_statue_mirror
D:3:      layout_basic, kennysheep_flooded_box
D:4:      nicolae_BIG_FREAKIN_CUBE, layout_rooms, portal_sewer_entry_e,
          hangedman_abyss_or_decor_stabs, kennysheep_generic_room_6, uniq_robin,
          uniq_eustachio, uniq_natasha
D:5:      layout_layer_cave, ebering_ghost_sewer_d
D:6:      layout_cave_pods, minmay_temple_entry_hall, serial_shops,
          shop_fountains
D:7:      layout_rooms, st_stairs_3
Temple:   bh_familiar_temple

Skill      XL: |  1  2  3  4  5  6  7  8 |
---------------+-------------------------+-----
Fighting       | 3 4 5 6 8 |  8.0
Ranged Weapons | 5 6 8 11 | 11.8
Dodging        | |  2.1
Stealth        | |  0.7

Action                   |  1- 3 |  4- 6 |  7- 9 || total
-------------------------+-------+-------+-------++-------
 Fire: Shortbow          |    90 |   136 |   166 ||   392
  Use: Scroll            |       |       |    13 ||    13
       Potion            |       |       |     1 ||     1
Armor: Leather armour    |     9 |    19 |    12 ||    40
Dodge: Dodged            |    17 |    55 |    47 ||   119
